 Dungeon Crawl Stone Soup version 0.28-a0-476-g0f06bd746f (webtiles) character file.

Game seed: 13738917460616260939

102 frimble the Stinger (level 4, -6/27 HPs)
             Began as an Octopode Venom Mage on Sept 17, 2021.
             Killed by divine providence
             ... invoked by an orc priest
              (11 damage)
             ... on level 4 of the Dungeon.
             The game lasted 00:02:05 (3568 turns).

frimble the Stinger (Octopode Venom Mage)           Turns: 3568, Time: 00:02:06

Health: -6/27      AC:  1    Str:  7    XL:     4   Next: 77%
Magic:  4/7        EV: 13    Int: 18    God:
Gold:   98         SH:  0    Dex: 12    Spells: 6/7 levels left

rFire   . . .      SeeInvis .   a - +0 short sword
rCold   . . .      Faith    .   (no shield)
rNeg    + . .      Spirit   .   (helmet restricted)
rPois   .          Reflect  .   (no amulet)
rElec   .          Harm     .   d - ring of positive energy
rCorr   .          Rampage  .   (no ring)
Will    .....                   (no ring)
Stlth   +++.......              (no ring)
HPRegen 0.09/turn               (no ring)
MPRegen 0.10/turn               (no ring)
                                (no ring)
                                (no ring)

@: very slightly contaminated
A: almost no armour, amphibious, 8 rings, camouflage 1, gelatinous body 1,
(nimble swimmer 1), tentacles
a: no special abilities


You were on level 4 of the Dungeon.
You visited 1 branch of the dungeon, and saw 4 of its levels.

You collected 98 gold pieces.

Inventory:

Hand Weapons
 a - a +0 short sword (weapon)
Jewellery
 d - a ring of positive energy (left tentacle)
Scrolls
 e - 3 scrolls of teleportation
Potions
 b - 4 potions of attraction
 c - a potion of might
 f - a potion of mutation {unknown}
 g - a potion of heal wounds {unknown}


   Skills:
 + Level 1.9 Short Blades
 - Level 2.0 Dodging
 + Level 3.6 Stealth
 - Level 2.0 Spellcasting
 - Level 1.0 Transmutations
 + Level 5.4 Poison Magic


You had 6 spell levels left.
You knew the following spells:

 Your Spells              Type           Power      Damage    Failure   Level
a - Sting                 Tmut/Pois      52%        1d5       4%          1

Your spell library contained the following spells:

 Spells                   Type           Power      Damage    Failure   Level
 Poisonous Vapours        Pois/Air       22%        N/A       9%          2
 Olgreb's Toxic Radiance  Pois           21%        N/A       19%         4
 Mephitic Cloud           Conj/Pois/Air  8%         N/A       26%         3


Dungeon Overview and Level Annotations

Branches:
Dungeon (4/15)
 Temple: D:4-7

Altars:
Gozag


Innate Abilities, Weirdness & Mutations

You cannot wear most types of armour.
You are amphibious.
You can wear up to eight rings at the same time.
Your skin changes colour to match your surroundings (Stealth+).
Your rubbery body absorbs attacks. (AC +1, EV +1)
((You are camouflaged near water. (Stealth+)))
You have tentacles for arms and can constrict up to eight enemies at once.


Message History

You hit the orc priest but do no damage.
You constrict the orc priest, but do no damage.
The orc priest hits you with a +0 dagger.
You are too injured to fight recklessly!
You release your grip on the orc priest.
The orc priest invokes the aid of Beogh against you.
Pain shoots through your body!
There is a stone staircase leading down here.
The orc priest invokes the aid of Beogh against you.
Beogh smites you!
Ouch! That really hurt!
* * * LOW HITPOINT WARNING * * *
You climb downwards.
There is a stone staircase leading up here.
Casting: Sting (safe; 4% risk of failure)
Confirm with . or Enter, or press ? or * to list all spells.
Aiming: Sting (safe; 4% risk of failure)
Press: ? - help, Shift-Dir - straight line, f - orc priest
Aim: an orc priest, wielding a +0 dagger and wearing a +3 leather armour (71% to hit)
You miscast Sting.
You are very lightly contaminated with residual magic.
Nothing appears to happen.
The orc priest closely misses you.
Casting: Sting (safe; 4% risk of failure)
Confirm with . or Enter, or press ? or * to list all spells.
Aiming: Sting (safe; 4% risk of failure)
Press: ? - help, Shift-Dir - straight line, f/p - orc priest
Aim: an orc priest, wielding a +0 dagger and wearing a +3 leather armour (71% to hit)
The sting misses the orc priest.
The orc priest hits you with a +0 dagger.
* * * LOW HITPOINT WARNING * * *
Casting: Sting (safe; 4% risk of failure)
Confirm with . or Enter, or press ? or * to list all spells.
Aiming: Sting (safe; 4% risk of failure)
Press: ? - help, Shift-Dir - straight line, f/p - orc priest
Aim: an orc priest, wielding a +0 dagger and wearing a +3 leather armour (71% to hit)
The sting hits the orc priest but does no damage.
The orc priest is poisoned.
The orc priest invokes the aid of Beogh against you.
Beogh smites you!
You die...

..#
#.#
#.#
#.#
#.#
#.#
#o#
#@#
###


You could see an orc priest (poisoned).

Vanquished Creatures
  A centaur skeleton (D:3)
  2 adders (D:3)
  An adder zombie (D:1)
  2 dart slugs (D:1)
  5 endoplasms
  6 giant cockroaches
  5 goblins
  2 hobgoblins (D:2)
  2 jackals (D:2)
  A quokka (D:1)
  2 ball pythons
  A ball python zombie (D:1)
  3 bats
  2 frilled lizards
  7 kobolds
  4 rats
46 creatures vanquished.

Notes
Turn   | Place    | Note
-------+----------+-------------------------------------------
     0 | D:1      | frimble the Octopode Venom Mage began the quest for the
                  | Orb.
     0 | D:1      | Reached XP level 1. HP: 11/11 MP: 3/3
    29 | D:1      | Reached skill level 4 in Poison Magic
   127 | D:1      | Reached XP level 2. HP: 15/17 MP: 5/5
  1038 | D:1      | Reached XP level 3. HP: 21/21 MP: 6/6
  1490 | D:2      | Reached skill level 5 in Poison Magic
  1506 | D:2      | Reached skill level 1 in Short Blades
  2897 | D:3      | Reached XP level 4. HP: 21/27 MP: 7/7
  3113 | D:3      | Found an opulent altar of Gozag.
  3168 | D:3      | Found a faded altar of an unknown god.
  3568 | D:4      | Killed from afar by an orc priest

Illustrated notes

Levels and vault maps discovered:
D:1:      saegor_arrival_fortress, layout_rooms, minmay_worlds_worst_comb
D:2:      layout_loops_corners, st_stairs_12
D:3:      layout_loops_ring, lemuel_doored_altar,
          hellmonk_ecumenical_altar_pennies_from_heaven, serial_bayou_pond_c,
          grunt_ministairs_14
D:4:      layout_basic, lemuel_coloured_pillars_altar

Skill      XL: |  1  2  3 |
---------------+----------+-----
Poison Magic   | 4 5 |  5.4
Short Blades   | 1 |  1.9
Stealth        | 3 |  3.6
Dodging        | |  2.0
Spellcasting   | |  2.0
Transmutations | |  1.0

Action                   |  1- 3 |  4- 6 || total
-------------------------+-------+-------++-------
Melee: Unarmed           |    31 |       ||    31
       Tentacles         |    18 |     5 ||    23
       Constrict         |    21 |     4 ||    25
       Short sword       |    65 |    24 ||    89
 Cast: Sting             |    11 |     6 ||    17
  Use: Scroll            |     5 |       ||     5
 Stab: Sleeping          |    10 |     1 ||    11
Armor: Skin              |    19 |     1 ||    20
Dodge: Dodged            |    73 |    20 ||    93

Table legend: (Time is in decaauts)
 A = Elapsed time spent in this place.
 B = Non-inter-level travel time spent in this place.
 C = Inter-level travel time spent in this place.
 D = Time resting spent in this place.
 E = Time spent auto-exploring this place.
 F = Levels seen in this place.
 G = Mean time per level.
                   A        B        C        D        E       F      G
               +--------+--------+--------+--------+--------+-----+--------+
         Total |   3569 |   3499 |     70 |      0 |   3092 |   4 |  892.2 |
       Dungeon |   3569 |   3499 |     70 |      0 |   3092 |   4 |  892.2 |
               +--------+--------+--------+--------+--------+-----+--------+

Top non-repeatable levels by time:
     D:1: 1486 daAuts
     D:3: 1053 daAuts
     D:2: 1026 daAuts
     D:4: 2 daAuts
